 Dungeon Crawl Stone Soup version 0.20-a0-345-gbfb25ec (webtiles) character file.

32 terra52 the Insei (level 3, 5/17 HPs)
             Began as a Vine Stalker Transmuter on Dec 22, 2016.
             Quit the game on level 2 of the Dungeon.
             The game lasted 00:06:16 (820 turns).

terra52 the Insei (Vine Stalker Transmuter)          Turns: 820, Time: 00:06:17

Health: 5/17       AC:  3    Str:  9 (12) XL:     3   Next: 27%
Magic:  7/7        EV: 11    Int: 12 (14) God:
Gold:   23         SH:  0    Dex: 11 (14) Spells: 4/7 levels left

rFire  . . .     SeeInvis .       - Unarmed
rCold  . . .     Gourm    .     l - +0 leather armour
rNeg   . . .     Faith    +     (no shield)
rPois  .         Spirit   +     (no helmet)
rElec  .         Reflect  .     (no cloak)
rCorr  .         Harm     .     (no gloves)
MR     .....                    (no boots)
Stlth  ++........               j - amulet of faith
                                (no ring)
                                g - ring of stealth

@: no status effects
A: fangs 2, magic shield, antimagic bite, no device heal 3, rot immunity
a: no special abilities


You were on level 2 of the Dungeon.
You were not hungry.

You visited 1 branch of the dungeon, and saw 2 of its levels.

You collected 23 gold pieces.

Inventory:

Hand Weapons
 i - a cursed +0 club
Missiles
 a - 11 arrows
Armour
 b - a +0 robe
 e - a +0 chain mail
 l - a +0 leather armour (worn)
Jewellery
 g - a ring of stealth (left hand)
 j - an amulet of faith (around neck)
Scrolls
 f - a scroll of remove curse {unknown}
 h - a scroll of identify {unknown}
 k - a scroll of fear {unknown}
Books
 c - a book of Changes

   Spells                             Type                      Level
   a - Beastly Appendage              Transmutation                1
   b - Sticks to Snakes               Transmutation                2
   c - Spider Form                    Transmutation/Poison         3
   d - Ice Form                       Ice/Transmutation            4
   e - Blade Hands                    Transmutation                5
Comestibles
 d - a bread ration


   Skills:
 + Level 0.8 Fighting
 + Level 0.1 Armour
 + Level 1.8 Dodging
 + Level 1.0 Stealth
 + Level 3.4 Unarmed Combat
 + Level 2.5 Spellcasting
 + Level 2.3 Transmutations


You had 4 spell levels left.
You knew the following spells:

 Your Spells              Type           Power        Failure   Level  Hunger
a - Beastly Appendage     Tmut           #.....       17%         1    #......
b - Sticks to Snakes      Tmut           #.......     24%         2    ###....


Dungeon Overview and Level Annotations

Branches:
Dungeon (2/15)

Altars:

Annotations:
D:2 Crazy Yiuf


Innate Abilities, Weirdness & Mutations

You have extremely sharp teeth.
When hurt, damage is shared between your health and your magic reserves.
Your bite disrupts and absorbs the magic of your enemies.
Potions cannot restore your health.
You are immune to rotting.


Message History

You kill the jackal!
You miss the goblin. The goblin closely misses you.
You closely miss the goblin. The goblin barely misses you.
Your leather armour prevents you from hitting the goblin.
You bite the goblin. You drain its power.
The goblin is moderately wounded.
The goblin barely misses you.
You punch the goblin!
You kill the goblin!
Your horns disappear.
Items here: ††††† a jackal corpse; a rat corpse; a jackal corpse x3
A rat and a dart slug come into view.
You see here a scroll labeled MUR YFIUNEUH.
k - a scroll labeled MUR YFIUNEUH
Items here: ††††† a jackal corpse; a rat corpse; a jackal corpse x3
Quiver which item? (- for none, * to show all) (? for menu, Esc to quit)
Okay, then.
Are you sure you want to abandon this character and quit the game? (Confirm with "yes".)

#......)..#..#...#
#.........#..#...# #####
#.........#....# ###....
#.............# ##..... #
##.......#...##
####..##.#
##.....##†######....###.#
# ########.#
#.......#...###
#.###.##....#.#....
#.@...##....#...###
#..#####.......## ####
#....#### #....# #....#
######


There were no monsters in sight!

Vanquished Creatures
  An adder (D:2)
  A dart slug (D:1)
  2 giant cockroaches (D:1)
  4 goblins
  2 hobgoblins (D:1)
  4 jackals (D:2)
  A bat (D:2)
  A frilled lizard (D:1)
  2 kobolds
  2 rats
20 creatures vanquished.

Notes
Turn   | Place    | Note
-------+----------+-------------------------------------------
     0 | D:1      | terra52 the Vine Stalker Transmuter began the quest for the Orb.
     0 | D:1      | Reached XP level 1. HP: 9/9 MP: 4/4
   223 | D:1      | Reached XP level 2. HP: 10/14 MP: 4/6
   284 | D:1      | Learned a level 2 spell: Sticks to Snakes
   696 | D:2      | Found a runed door.
   700 | D:2      | Noticed Crazy Yiuf
   740 | D:2      | Reached XP level 3. HP: 15/17 MP: 4/7
   782 | D:2      | Reached skill level 1 in Stealth
   820 | D:2      | Quit the game

Vault maps used:
D:1:      lordsloth_arrival_two_stooges, fountainhead
D:2:      lemuel_coloured_pillars_altar, uniq_crazy_yiuf_cottage

Skill      XL: |  1  2  3 |
---------------+----------+-----
Stealth        | 1 |  1.0
Fighting       | |  0.8
Armour         | |  0.1
Dodging        | |  1.8
Unarmed Combat | |  3.4
Spellcasting   | |  2.5
Transmutations | |  2.3

Action                   || total
-------------------------++-------
Melee: Unarmed           ||    79
       Bite              ||    15
       Kick              ||     4
       Headbutt          ||     6
 Cast: Beastly Appendage ||    12
       Sticks to Snakes  ||     1
  Use: Potion            ||     1
 Stab: Sleeping          ||     3
Armor: Robe              ||     2
       Leather armour    ||     9
Dodge: Dodged            ||    39
